Map: Old Sun Temple LE

Players

Jacobra

  • Race: Protoss Protoss
  • League: Platinum

SummerZerg - Winner!

  • Race: Zerg Zerg
  • League: Diamond

VOD

Have the link to the VOD?

Description

Time

  • Played on: Aug. 26, 2026, 2:54 p.m.
  • Length: 14:23
Show
View Real Time Build Order
Export as new Build Order

Jacobra Protoss 

Build Orders:  

Get SALT Encoding   

  8  0:00  Probe (Chrono Boost)  
  9  0:13  Probe (Chrono Boost)  
  10  0:18  Probe (Chrono Boost)  
  11  0:28  Probe  
  12  0:35  Pylon  
  12  0:40  Probe  
  13  0:54  Gateway  
  13  1:03  Probe (Chrono Boost)  
  14  1:13  Probe (Chrono Boost)  
  14  1:16  Assimilator  
  14  1:18  Probe (Chrono Boost)  
  16  1:29  Probe  
  17  1:41  Probe  
  18  1:51  Cybernetics Core  
  18  1:52  Gateway  
  18  1:53  Probe  
  19  1:55  Zealot  
  21  2:04  Assimilator  
  21  2:14  Pylon  
  21  2:30  Warp Gate  
  21  2:32  Probe  
  24  2:48  Zealot (Chrono Boost)  
  22  3:01  Probe  
  23  3:07  Stalker (Chrono Boost)  
  25  3:13  Probe  
  28  3:24  Stalker (Chrono Boost)  
  28  3:25  Probe  
  29  3:29  Shield Battery  
  29  3:42  Pylon  
  33  4:13  Stalker (Chrono Boost)  
  33  4:16  Stalker (Chrono Boost)  
  31  4:27  Stalker (Chrono Boost)  
  31  4:31  Stalker (Chrono Boost)  
  33  4:44  Robotics Facility, Probe  
  34  4:47  Gateway  
  34  4:56  Probe  
  34  4:58  Stalker  
  37  5:05  Nexus  
  37  5:13  Stalker  
  37  5:15  Probe  
  36  5:27  Probe  
  37  5:33  Stalker  
  37  5:34  Stalker  
  37  5:40  Pylon  
  37  5:42  Pylon  
  37  5:58  Zealot x3  
  37  5:59  Probe  
  44  6:10  Twilight Council  
  44  6:11  Probe  
  45  6:30  Stalker x2  
  49  6:38  Immortal  
  53  6:59  Probe (Chrono Boost)  
  53  7:00  Probe (Chrono Boost)  
  55  7:05  Charge (Chrono Boost)  
  55  7:08  Pylon  
  56  7:10  Probe x2 (Chrono Boost)  
  56  7:14  Probe x2 (Chrono Boost)  
  59  7:25  Probe  
  59  7:26  Zealot x3, Probe  
  67  7:34  Forge  
  67  7:38  Probe  
  67  8:13  Probe x2  
  61  8:24  Stalker x3  
  61  8:25  Probe x2  
  68  8:37  Stalker, Probe  
  71  8:48  Zealot  
  71  8:51  Protoss Ground Weapons Level 1 (Chrono Boost)  
  71  8:54  Zealot  
  73  8:56  Zealot  
  73  9:02  Zealot  
  71  9:07  Stalker  
  71  9:09  Stalker  
  73  9:18  Nexus  
  73  9:19  Pylon  
  73  9:27  Assimilator  
  73  9:28  Probe  
  73  9:29  Pylon, Assimilator  
  73  9:30  Pylon, Probe  
  73  9:31  Pylon  
  73  9:37  Immortal  
  77  9:41  Probe  
  77  9:42  Forge  
  77  9:43  Probe  
  65  9:53  Probe  
  62  10:14  Photon Cannon  
  62  10:15  Zealot x3, Photon Cannon  
  62  10:18  Pylon  
  62  10:20  Photon Cannon  
  68  10:27  Probe  
  68  10:28  Probe  
  70  10:34  Probe  
  71  10:39  Probe  
  71  10:40  Probe  
  73  10:46  Pylon, Probe  
  73  10:47  Pylon  
  73  10:48  Pylon  
  73  10:49  Gateway  
  74  10:50  Gateway  
  74  10:51  Assimilator, Probe  
  74  10:52  Probe  
  74  10:54  Gateway, Templar Archives  
  76  10:58  Probe  
  76  11:03  Probe  
  78  11:04  Probe, Assimilator  
  78  11:10  Zealot x3, Probe  
  86  11:16  Probe x2  
  88  11:23  Probe  
  89  11:28  Zealot x2, Probe x2  
  89  11:30  High Templar  
  97  11:35  Psionic Storm  
  97  11:41  High Templar, Nexus  
  97  11:42  Pylon  
  97  11:45  High Templar x4  
  97  11:46  Pylon  
  107  12:00  Zealot  
  101  12:01  Zealot  
  101  12:05  Zealot x4  
  101  12:07  Archon  
  99  12:08  Archon  
  91  12:18  Zealot x2  
  91  12:19  Zealot x4  
  81  12:30  Pylon  
  81  12:32  Zealot  
  81  12:35  Photon Cannon  
  81  12:36  Photon Cannon  
  79  12:37  Shield Battery  
  79  12:39  Zealot x3  
  75  12:52  Zealot x4  
  75  12:58  High Templar x2  
  69  13:05  High Templar  
  69  13:06  Zealot x3  
  77  13:18  Zealot x2  
  77  13:19  Zealot x2  
  66  13:28  Zealot  
  66  13:29  Zealot  
  66  13:32  Zealot x2  
  67  13:42  Probe x3  
  67  13:44  Zealot  
  68  13:54  Probe x3  
  57  14:03  Zealot  
  57  14:04  Zealot x3  
  57  14:06  Probe  
  62  14:11  Archon  
Show
View Real Time Build Order
Export as new Build Order

SummerZerg Zerg - Winner!

Build Orders: Pool First 

Get SALT Encoding   

  8  0:01  Drone  
  9  0:10  Drone  
  10  0:20  Drone  
  11  0:22  Drone  
  12  0:44  Spawning Pool  
  12  0:47  Drone  
  12  0:54  Extractor  
  12  0:56  Extractor  
  10  0:59  Drone  
  10  1:02  Drone  
  13  1:13  Overlord  
  13  1:34  Zergling x2  
  13  1:35  Zergling x4  
  16  1:57  Drone x2  
  18  2:17  Extractor  
  18  2:25  Hatchery  
  18  2:26  Drone x2  
  18  2:43  Metabolic Boost  
  17  2:48  Zergling x4  
  19  2:51  Overlord  
  18  3:06  Drone  
  18  3:10  Queen  
  21  3:19  Zergling x4  
  23  3:35  Drone  
  23  3:40  Hatchery  
  23  3:46  Zergling x2  
  23  3:48  Zergling x2  
  23  3:57  Zergling x2  
  24  4:06  Drone x3  
  25  4:11  Zergling x2  
  23  4:37  Overlord  
  22  4:41  Zergling x2  
  22  4:42  Zergling x6  
  26  4:56  Zergling x2, Queen  
  29  5:06  Zergling x8  
  32  5:07  Zergling x2  
  32  5:08  Hatchery  
  32  5:09  Zergling x2  
  31  5:17  Zergling x2  
  31  5:18  Zergling x2  
  31  5:19  Zergling x2  
  33  5:26  Zergling x2  
  33  5:36  Drone x2  
  35  5:43  Drone  
  35  5:44  Drone  
  35  5:47  Lair  
  37  5:52  Drone  
  37  5:53  Drone  
  37  5:55  Drone  
  39  6:13  Drone  
  39  6:15  Overlord  
  39  6:16  Overlord  
  40  6:24  Extractor  
  40  6:25  Roach Warren  
  35  6:43  Overlord  
  35  6:44  Drone  
  35  6:45  Drone x7  
  43  6:53  Queen  
  45  6:58  Drone  
  45  6:59  Drone x2  
  48  7:02  Drone  
  49  7:18  Hydralisk Den  
  49  7:19  Drone  
  49  7:35  Zergling x30  
  64  7:43  Glial Reconstitution  
  64  7:55  Burrow  
  61  8:12  Zergling x14  
  68  8:14  Zergling x2  
  68  8:17  Overlord x3  
  68  8:18  Overlord  
  66  8:22  Grooved Spines  
  66  8:26  Drone  
  67  8:27  Evolution Chamber x2, Drone  
  67  8:29  Drone x2  
  67  8:39  Zergling x8  
  68  8:46  Zergling x4  
  65  8:58  Drone  
  65  8:59  Drone x2  
  68  9:05  Zerg Missile Weapons Level 1, Zerg Ground Armor Level 1  
  68  9:12  Muscular Augments  
  68  9:20  Extractor  
  68  9:21  Extractor  
  66  9:27  Drone x4  
  66  9:28  Drone x6  
  69  9:40  Zergling x2  
  69  9:41  Zergling x10  
  69  9:42  Zergling x2  
  71  9:46  Hatchery  
  65  10:00  Zergling x2  
  65  10:01  Zergling x12  
  69  10:11  Drone x3  
  72  10:21  Overlord  
  72  10:22  Overlord  
  72  10:23  Overlord  
  72  10:29  Hydralisk x5  
  72  10:34  Drone  
  72  10:35  Overlord  
  83  10:46  Drone x5  
  83  10:47  Hydralisk x2  
  83  10:48  Hydralisk  
  94  10:55  Overlord x2  
  94  11:01  Zerg Missile Weapons Level 2, Zerg Ground Armor Level 2  
  94  11:03  Hydralisk x5  
  96  11:07  Lurker Den  
  103  11:11  Infestation Pit  
  103  11:12  Spore Crawler  
  103  11:13  Spore Crawler  
  103  11:15  Spore Crawler  
  99  11:19  Drone x2  
  99  11:20  Drone x2  
  103  11:28  Drone x2, Extractor x2, Hydralisk  
  103  11:29  Hydralisk  
  103  11:32  Drone  
  108  11:38  Queen  
  110  11:41  Drone x4  
  110  11:43  Overseer  
  105  12:05  Hydralisk x4, Zergling x4  
  105  12:06  Hydralisk x2, Zergling x10  
  99  12:41  Zergling x2, Hydralisk  
  99  12:42  Hydralisk x4, Zergling x12  
  99  12:43  Zergling x4  
  113  12:48  Hive  
  113  12:51  Zergling x6  
  102  13:20  Zergling x6  
  102  13:21  Zergling x12, Hydralisk x3, Roach x3  
  102  13:22  Zergling x6, Roach x3  
  130  13:35  Drone  
  130  13:36  Drone x6  
  137  13:55  Hatchery  
Tags
 
Add a new tag
Caveats
  • Supply blocks, unpowered buildings, or Contaminate may cause inaccurate times.
  • Supply counts are checked every 10 seconds.